 Dungeon Crawl Stone Soup version 0.21.1-1-g345015fe64 (webtiles) character file.

200 RageMage the Cudgeler (level 5, -4/47 HPs)
             Began as a Draconian Chaos Knight on May 10, 2018.
             Killed from afar by an orc wizard (9 damage)
             ... with a magic dart
             ... on level 3 of the Dungeon on May 11, 2018.
             The game lasted 00:15:38 (3537 turns).

RageMage the Cudgeler (Draconian Chaos Knight)      Turns: 3537, Time: 00:15:39

Health: -4/47      AC:  5    Str: 14    XL:     5   Next: 48%
Magic:  5/5        EV: 13    Int: 13    God:    Xom [....*.]
Gold:   115        SH:  0    Dex: 11    Spells: 4/4 levels left

rFire    . . .     SeeInvis .   a - +0 mace (chaos)
rCold    . . .     Gourm    .   (no shield)
rNeg     . . .     Faith    .   (armour unavailable)
rPois    .         Spirit   .   (helmet restricted)
rElec    .         Reflect  .   (no cloak)
rCorr    .         Harm     .   (no gloves)
MR       .....                  (no boots)
Stlth    ++........             (no amulet)
HPRegen  0.15/turn              (no ring)
MPRegen  0.09/turn              (no ring)

@: no status effects
A: unfitting armour, cold-blooded, AC +5
a: Renounce Religion


You were on level 3 of the Dungeon.
You worshipped Xom.
You were a beloved toy of Xom.
You were not hungry.

You visited 1 branch of the dungeon, and saw 3 of its levels.

You collected 115 gold pieces.

Inventory:

Hand Weapons
 a - a +0 mace of chaos (weapon)
 l - a +0 spear
Armour
 f - a +0 scale mail
 j - a +0 helmet
 n - a +0 ring mail
Scrolls
 c - a scroll of enchant weapon {unknown}
 d - a scroll of remove curse {unknown}
 e - 2 scrolls of identify {unknown}
 g - a scroll of enchant armour {unknown}
 h - a scroll of fog {unknown}
Potions
 b - a potion of agility {unknown}
 i - a potion of lignification {unknown}
 k - a potion of heal wounds {unknown}


   Skills:
 + Level 4.3 Fighting
 + Level 4.4 Maces & Flails
 + Level 3.3 Dodging
 + Level 1.6 Stealth


You had 4 spell levels left.
You didn't know any spells.

Dungeon Overview and Level Annotations

Branches:
Dungeon (3/15)

Altars:
Xom


Innate Abilities, Weirdness & Mutations

Your plain brown scales are hard. (AC +5)
You cannot fit into any form of body armour.
You are cold-blooded and may be slowed by cold attacks.


Message History

The orc wizard barely misses you. The orc hits you.
* * * LOW HITPOINT WARNING * * *
You barely miss the orc wizard.
The orc wizard is almost dead.
The orc wizard points at you and mumbles some strange words.
The magic dart hits you!
* * * LOW HITPOINT WARNING * * *
You emit a cloud of colourful smoke!
The orc hits you.
* * * LOW HITPOINT WARNING * * *
You emit a cloud of colourful smoke!
The orc wizard mumbles some strange words.
The orc wizard blinks!
The orc throws a tomahawk.
The tomahawk barely misses you.
You see here 2 tomahawks.
The orc wizard casts a spell.
The orc wizard blinks!
The orc wizard points at you and mumbles some strange words.
The magic dart hits you!
You die...

##.## #.#..
#...####
#.###
#......#
#.#
#...##.#
#.#
######†#
#.#
#########.#
#.###
#.......).#
#...>
#.#########
##### #@#
#.# #.# #.#
#o#
#.########
#.....o)o#
########.#
#[#


You could see an orc wizard.

Vanquished Creatures
  A hound (D:3)
  A gnoll (D:2)
  7 adders (D:2)
  4 worms (D:2)
  3 dart slugs (D:1)
  A leopard gecko (D:1)
  3 orcs (D:3)
  9 bats
  3 giant cockroaches
  5 goblins (D:2)
  7 hobgoblins
  7 jackals
  4 frilled lizards
  10 kobolds
  2 rats
67 creatures vanquished.

Vanquished Creatures (collateral kills)
  2 gnolls (D:2)
2 creatures vanquished.

Grand Total: 69 creatures vanquished

Notes
Turn   | Place    | Note
-------+----------+-------------------------------------------
     0 | D:1      | RageMage the Draconian Chaos Knight began the quest for the Orb.
     0 | D:1      | Reached XP level 1. HP: 19/19 MP: 1/1
   397 | D:1      | Reached XP level 2. HP: 26/26 MP: 2/2
   666 | D:1      | XOM: harmless Air miscast
   785 | D:1      | XOM: mild Tmut miscast
   829 | D:1      | XOM: divination: detect items
  1020 | D:1      | XOM: mild Air miscast
  1320 | D:1      | Reached XP level 3. HP: 33/33 MP: 3/3
  1362 | D:1      | XOM: divination: detect items
  1459 | D:1      | XOM: harmless Pois miscast
  1623 | D:2      | HP: 1/33 [something (6)]
  1942 | D:2      | Reached XP level 4. HP: 40/40 MP: 4/4
  2109 | D:2      | XOM: scenery: 1 doors close
  2129 | D:2      | Reached skill level 1 in Stealth
  2172 | D:2      | XOM: summons friendly shadow imp
  2174 | D:2      | XOM: confusion
  2207 | D:2      | XOM: summons friendly ufetubus
  2844 | D:2      | XOM: summons 4 friendly demons
  2864 | D:2      | XOM: polymorph quasit -> crimson imp
  2936 | D:2      | XOM: scenery: create altars
  3018 | D:2      | Reached XP level 5. HP: 32/46 MP: 5/5
  3391 | D:3      | Found a faded altar of an unknown god.
  3525 | D:3      | XOM: smoke on damage
  3525 | D:3      | XOM: smoke on damage
  3537 | D:3      | Killed from afar by an orc wizard

Skill      XL: |  1  2  3  4 |
---------------+-------------+-----
Fighting       | 4 |  4.3
Stealth        | 1 |  1.6
Maces & Flails | 4 |  4.4
Dodging        | 3 |  3.3

Action                   |  1- 3 |  4- 6 || total
-------------------------+-------+-------++-------
Melee: Mace              |    92 |   143 ||   235
       Tailslap          |    13 |    14 ||    27
 Stab: Petrified         |     2 |       ||     2
       Sleeping          |     1 |     2 ||     3
       Petrifying        |     1 |       ||     1
  Eat: Ration            |     1 |     1 ||     2
       Chunk             |       |     2 ||     2
Armor: Skin              |    48 |    49 ||    97
Dodge: Dodged            |    91 |   139 ||   230
